 Dungeon Crawl Stone Soup version 0.32-a0-918-g0f22ef8d61 (webtiles) character file.

Game seed: 12901184819270818151

4 jkt the Sneak (level 1, 0/9 HPs)
             Began as a Spriggan Enchanter on Apr 11, 2024.
             Slain by a ball python (1 damage)
             ... on level 1 of the Dungeon.
             The game lasted 00:00:19 (117 turns).

jkt the Sneak (Spriggan Enchanter)                   Turns: 117, Time: 00:00:19

Health: 0/9        AC:  2    Str:  4    XL:     1   Next: 58%
Magic:  5/5        EV: 16    Int: 16    God:
Gold:   0          SH:  0    Dex: 15    Spells: 5/5 levels left

rFire   . . .        a - +1 dagger
rCold   . . .        (no shield)
rNeg    . . .        b - +0 robe
rPois   .            (helmet restricted)
rElec   .            (no cloak)
rCorr   .            (gloves unavailable)
SInv    +            (boots unavailable)
Will    .....        (no amulet)
Stlth   +++          (no ring)
HPRegen 0.21/turn    (no ring)
MPRegen 0.09/turn

%: no passive effects
@: very quick
A: very small, no large weapons, unfitting armour, see invisible, speed 3
a: no special abilities


You were on level 1 of the Dungeon.
You visited 1 branch of the dungeon, and saw 1 of its levels.

Inventory:

Hand Weapons
 a - a +1 dagger (weapon)
Missiles
 d - a throwing net (quivered)
Armour
 b - a +0 robe (worn)
Jewellery
 e - a +4 ring of slaying
Potions
 c - 2 potions of invisibility


   Skills:
 - Level 1.1 Short Blades
 - Level 2.6 Dodging
 * Level 4.7 Stealth
 + Level 2.8 Spellcasting
 + Level 3.7 Hexes


You had 5 spell levels left.
You didn't know any spells.
Your spell library contained the following spells:

 Spells                   Type           Power      Damage    Failure   Level
 Confusing Touch          Hex            14%        N/A       12%         3
 Tukima's Dance           Hex            14%        N/A       12%         3
 Ensorcelled Hibernation  Hex/Ice        16%        N/A       13%         2
 Dazzling Flash           Conj/Hex       16%        N/A       26%         3


Dungeon Overview and Level Annotations

Branches:
Dungeon (1/15)

Altars:


Innate Abilities, Weirdness & Mutations

You are very small and have problems with some larger weapons.
You are too small for most types of armour.
You have supernaturally acute eyesight. (SInv)
You cover ground extremely quickly. (Speed+++)


Message History

You kill the goblin!
The dart slug launches a dart at you. The slug dart misses you.
Found a stone staircase leading down.
You throw a throwing net. The throwing net hits the dart slug.
The dart slug is caught in the net!
The dart slug struggles against the net.
You catch the helpless dart slug completely off-guard!
You puncture the dart slug!
You kill the dart slug!
d - a throwing net You see here a dart slug corpse.
An endoplasm comes into view.
Found a runed mace.
An endoplasm is nearby!
A frilled lizard and a quokka come into view.
Found a whip.
A ball python and a rat come into view.
The frilled lizard hisses angrily.
The endoplasm quivers.
The ball python hisses angrily.
You hit the endoplasm.
The endoplasm is heavily wounded.
The endoplasm barely misses you.
You hit the endoplasm but do no damage.
The endoplasm is heavily wounded.
The endoplasm hits you.
You hit the endoplasm.
The endoplasm is severely wounded.
The endoplasm freezes you.
You are frozen.
You barely miss the endoplasm.
The endoplasm is severely wounded.
The endoplasm barely misses you. The frilled lizard bites you.
The ball python bites you.
* * * LOW HITPOINT WARNING * * *
The ball python misses you.
The ball python attacks as it pursues you!
The ball python bites you.
You die...

#..r#).......~~≈
............#..≈~
................≈≈
......)..........≈~
....#..........~..~
..........rJl...~~.
.......[......#####
..>........S..#
...........@..#
####..........#
.........)....####
####....†........#
##............#
#######......#
#......# #.....)#
###.####


You could see an endoplasm, a ball python, a frilled lizard and a rat.

Vanquished Creatures
  A dart slug (D:1)
  A goblin (D:1)
  A kobold (D:1)
3 creatures vanquished.

Notes
Turn   | Place    | Note
-------+----------+-------------------------------------------
     0 | D:1      | jkt the Spriggan Enchanter began the quest for the Orb.
     0 | D:1      | Reached XP level 1. HP: 9/9 MP: 5/5
   117 | D:1      | Slain by a ball python

Illustrated notes

Levels and vault maps discovered:
D:1:      dpeg_arrival_water_fire, layout_basic,
          chequers_ecumenical_altar_island

Action                     || total
---------------------------++-------
  Melee: Dagger            ||     7
  Throw: Throwing net      ||     1
   Stab: Sleeping          ||     2
         Held in net/web   ||     1
 Armour: Robe              ||     4
  Dodge: Dodged            ||     4

Table legend: (Time is in decaauts)
 A = Elapsed time spent in this place.
 B = Non-inter-level travel time spent in this place.
 C = Inter-level travel time spent in this place.
 D = Time resting spent in this place.
 E = Time spent auto-exploring this place.
 F = Levels seen in this place.
 G = Mean time per level.
                   A        B        C        D        E       F      G
               +--------+--------+--------+--------+--------+-----+--------+
         Total |     79 |     79 |      0 |      0 |     57 |   1 |   79.0 |
       Dungeon |     79 |     79 |      0 |      0 |     57 |   1 |   79.0 |
               +--------+--------+--------+--------+--------+-----+--------+

Top non-repeatable levels by time:
     D:1: 79 daAuts
